[Event "CCT Julius Baer-D3 2024"]
[Site "Online"]
[Date "2024.09.27"]
[Round "1.4"]
[White "Amin, Bassem"]
[Black "Navara, David"]
[Result "0-1"]
[ECO "B51"]
[WhiteElo "2636"]
[BlackElo "2681"]
[Annotator "TA"]
[PlyCount "70"]
[EventDate "2024.09.25"]
[EventType "swiss"]
[EventCountry "NET"]
[SourceTitle "playchess.com"]
[Source "ChessBase"]
[SourceQuality "1"]
[TimeControl "600+2"]

1. Nf3 c5 2. e4 d6 3. Bb5+ Nd7 4. O-O a6 5. Bd3 Ngf6 6. Re1 e6 7. c3 Be7 8. Bc2 {[%emt 0:00:04] The position is equal.} b5 9. d4 Bb7 10. e5 Nd5 11. Nbd2 cxd4 12. exd6 Bxd6 13. Ne4 Be7 14. Qxd4 O-O 15. Neg5 N5f6 16. Bf4 Nc5 17. Rad1 h6 18. Nh3 Qxd4 19. Nxd4 Rfd8 20. f3 Nd5 21. Bg3 Na4 22. Bxa4 bxa4 23. a3 Rac8 24. Nf4 (24. Nf2 $15 {might be stronger.}) 24... Nb6 $17 25. Nd3 Nc4 26. Re2 Bf6 27. Ne5 $2 {[%emt 0:00:40] [#] White does not recover from this.} (27. Be5 $17) 27... Bxe5 $1 $19 28. Bxe5 f6 29. Bxf6 gxf6 30. Rxe6 Kf7 ({Not} 30... Nxb2 31. Rb1 Nd3 (31... Rxc3 32. Rxb2 Bc8 33. Rc6 $11) 32. Nf5 (32. Rxb7 $2 Nc5 $19) 32... Rxc3 33. Nxh6+ Kg7 34. Rxb7+ Kxh6 35. h4 $19) 31. Rde1 Re8 {[%emt 0:00:04] Prevents Re7+.} (31... Nxb2 $2 {loses.} 32. Re7+ Kg8 33. Rxb7 $16) 32. Kf2 Nxb2 {[%emt 0:01:12] [#] And now ...Nd3+ would win.} 33. Rb1 Rxe6 {[%emt 0:00:38] Black is clearly winning.} 34. Nxe6 Kxe6 35. Rxb2 Bd5 {[%emt 0:00:04] Weighted Error Value: White=0.29 (precise) /Black=0.03 (flawless) .  Loses game:     	White=1     	---        Mistake:       	White=1     	---        Inaccurate:     	White=4     	---        OK:         	White=11    	Black=15     Best:        	White=1     	Black=1      Strong:       	---       	Black=1} 0-1

[Event "CCT Julius Baer-D3 2024"]
[Site "Online"]
[Date "2024.09.27"]
[Round "1.4"]
[White "Svane, Rasmus"]
[Black "Bosiocic, Marin"]
[Result "1-0"]
[ECO "A54"]
[WhiteElo "2629"]
[BlackElo "2555"]
[Annotator "TA"]
[PlyCount "57"]
[EventDate "2024.09.25"]
[EventType "swiss"]
[EventCountry "NET"]
[SourceTitle "playchess.com"]
[Source "ChessBase"]
[SourceQuality "1"]
[TimeControl "600+2"]

1. Nf3 d6 2. d4 Nf6 3. g3 Nbd7 4. Bg2 e5 5. c4 c6 6. Nc3 e4 7. Nd2 d5 8. O-O Bb4 9. Qb3 Bxc3 10. bxc3 Nb6 {[%emt 0:00:12] [#]} ({Black should try} 10... O-O) 11. cxd5 $1 $16 cxd5 12. a4 {[%emt 0:00:37] White is more active.} a5 (12... O-O $16 {was necessary.}) 13. Ba3 $18 Be6 14. Rab1 Ra6 {[%emt 0:00:05] [#]} 15. c4 $1 Qd7 16. c5 Nxa4 {[%emt 0:01:28] [#]} 17. c6 $1 Qxc6 18. Rfc1 {[%emt 0:00:01] Wards off Nc3} ({Don't play} 18. Qxb7 $6 Qxb7 19. Rxb7 Rc6 $16) 18... Qd7 19. Qxb7 $40 {[%emt 0:00:08][%mdl 128] White is out for blood.} Qxb7 20. Rxb7 Ra8 {[%emt 0:00:01] Wards off Rb8+} 21. e3 {[%emt 0:00:33][%mdl 1024] And now Bf1 would win. White has strong compensation.} Nd7 22. Bf1 {[%emt 0:00:11] Threatens to win with Bb5.} Nab6 {[%emt 0:00:18] Black is weak on the dark squares} 23. Bb5 Kd8 24. Rc6 {[%emt 0:00:42][%cal Od2b3] aiming for Nb3!} Rc8 $2 (24... h5 25. Rcxb6 (25. Rbxb6 Nxb6 26. Rxb6 h4 $18) 25... Nxb6) 25. Rd6 {[%emt 0:00:37] White is clearly winning.} Rc3 26. Bc5 Kc8 27. Ba6 {[%emt 0:00:11] A strong pair of Bishops.} Kd8 28. Bxb6+ Ke7 29. Bc5 {[%emt 0:00:05] Black did not feel at home in the position after the opening.   Weighted Error Value: White=0.08 (flawless) /Black=0.26 (precise) .  Mistake:       	---       	Black=3      OK:         	White=10    	Black=8      Best:        	---       	Black=1} 1-0

[Event "CCT Julius Baer-D3 2024"]
[Site "Online"]
[Date "2024.09.27"]
[Round "1.4"]
[White "Yoo, Christopher Woojin"]
[Black "Deac, Bogdan-Daniel"]
[Result "1/2-1/2"]
[ECO "C43"]
[WhiteElo "2603"]
[BlackElo "2680"]
[Annotator "TA"]
[PlyCount "140"]
[EventDate "2024.09.25"]
[EventType "swiss"]
[EventCountry "NET"]
[SourceTitle "playchess.com"]
[Source "ChessBase"]
[SourceQuality "1"]
[TimeControl "600+2"]

1. e4 e5 2. Nf3 Nf6 3. d4 Nxe4 4. Bd3 d5 5. Nxe5 Nd7 6. Nc3 Nxc3 {[%emt 0:00:05] C43: Petroff Defence: 3 d4.} 7. bxc3 Bd6 {[%emt 0:00:01] now supersedes 7...Nxe5.} 8. Qh5 g6 9. Nxg6 fxg6 $146 ({Predecessor:} 9... Nf6 10. Qe2+ Be6 11. Nxh8 Kd7 12. Rb1 Qxh8 13. Rxb7 Qg7 14. O-O Rg8 15. g3 h5 {1-0 Tomczak,J (2603)-Kashlinskaya,A (2484) PRO League Stage rapid 2020 (7)}) 10. Bxg6+ Ke7 11. Bg5+ Nf6 12. Qf3 Qf8 13. Bd3 Qg7 14. Bh4 Qh6 15. Qe3+ Qxe3+ 16. fxe3 Ke6 17. O-O Be7 18. c4 Rf8 19. Rf3 Kf7 20. cxd5 Kg7 21. Raf1 Bd7 22. c4 Nxd5 23. Bg3 Rxf3 24. Rxf3 Nf6 25. Bxc7 Rf8 26. Be5 b6 27. g4 h6 28. h3 Kg8 29. e4 Ne8 30. Rxf8+ Kxf8 31. Bf4 Bg5 32. Bxg5 hxg5 33. e5 Nc7 34. d5 Na6 35. Kf2 Nc5 36. Bc2 Ke7 37. Ke3 Be8 38. Bf5 Bd7 $2 {[%emt 0:00:04][%mdl 8192] [#]} (38... Kf7 $11) 39. Kd4 $1 $18 Be8 40. d6+ Kf7 41. Kd5 Ba4 42. e6+ $2 (42. h4 $18 gxh4 43. g5) 42... Kf6 $11 43. e7 Kf7 44. Bb1 Kf6 45. Bf5 Be8 46. Kd4 Ne6+ (46... Bc6 $5 47. Bc8 $8 Ne6+ 48. Kd3 Be8 $11) 47. Ke3 $2 (47. Kd5 $1 $11 {and White stays safe.} Nf4+ 48. Kd4) 47... Ke5 $2 ({Black should try} 47... Bc6 $19 {Strongly threatening ...Ke5.} 48. Kf2 Ke5) 48. Bg6 $1 $14 Bc6 (48... Bxg6 $2 {is the wrong capture.} 49. d7 Ng7 50. d8=Q $18 (50. d8=R Bf7 $18)) 49. e8=Q Bxe8 50. Bxe8 Kxd6 51. Ke4 Ke7 52. Bb5 a6 $2 (52... Kf6 $16 {is a better defense.}) 53. Bxa6 $2 ({White has to play} 53. Bc6 $18) 53... Nc5+ $11 54. Kf5 Nxa6 55. Kxg5 Kf7 56. h4 Nb4 57. a4 Nd3 58. Kf5 Nb2 59. g5 Nxc4 60. h5 Nd6+ 61. Ke5 Nc4+ 62. Kd5 Nb2 63. h6 Nxa4 64. Kc6 Nc5 65. Kxb6 (65. h7 $5 Kg7 $8 66. Kxb6 $11) 65... Ne6 66. h7 Kg7 $1 67. h8=Q+ Kxh8 68. g6 Kg7 69. Kc6 Nf8 70. Kd5 Nxg6 1/2-1/2

[Event "CCT Julius Baer-D3 2024"]
[Site "Online"]
[Date "2024.09.27"]
[Round "1.4"]
[White "Yilmaz, Mustafa"]
[Black "Makarian, Rudik"]
[Result "1/2-1/2"]
[ECO "D38"]
[WhiteElo "2587"]
[BlackElo "2550"]
[Annotator "RC"]
[PlyCount "164"]
[EventDate "2024.09.25"]
[EventType "swiss"]
[EventCountry "NET"]
[SourceTitle "playchess.com"]
[Source "ChessBase"]
[SourceQuality "1"]
[TimeControl "600+2"]

1. d4 Nf6 2. c4 e6 3. Nf3 d5 4. Nc3 Bb4 5. Qa4+ Nc6 6. e3 O-O 7. Qc2 Re8 8. Bd2 Bd6 9. c5 Bf8 10. Bb5 Bd7 11. O-O Ne7 12. Bd3 Nc6 13. Bb5 Ne7 14. Be2 Nc6 15. Ne5 Nxe5 16. dxe5 Ne4 17. Nxe4 dxe4 18. Qxe4 Bc6 19. Qc2 Qg5 20. f3 a5 21. Qc3 Red8 22. Rad1 Qe7 23. e4 Qxc5+ 24. Be3 Qxc3 25. bxc3 b6 26. Kf2 Be7 27. g3 h6 28. h4 a4 29. h5 Rxd1 30. Rxd1 Kf8 31. Rb1 Ra5 32. Bd4 Ke8 33. Bd3 Bd7 34. Ke2 c5 35. Be3 b5 36. Bd2 Kd8 37. f4 Kc7 38. g4 a3 39. g5 Bf8 40. g6 c4 41. Bc2 Be8 42. f5 Ra8 43. Be3 Kc6 44. Bd4 Rd8 45. Ke3 Kc7 46. Rg1 Kc6 47. f6 fxg6 48. hxg6 Kc7 49. f7 Bc6 50. Rb1 Kb7 51. Bd1 Ka6 52. Bg4 Bd7 53. Kf3 Bc8 54. Ke2 Ka5 55. Ke3 Ka6 56. Be2 Bd7 57. Bf1 Bc8 58. Bh3 Ka5 59. Rd1 Ka6 60. Rc1 Bd7 61. Ke2 Bc8 62. Bg4 Be7 63. Rf1 Bf8 64. Ke3 Bd7 65. Rb1 Bc8 66. Be2 Bd7 67. Kf3 Bc8 68. Be3 Rd7 69. Kf2 Rd8 70. Bg4 Ka5 71. Bd4 Ka6 72. Ke3 Ka5 73. Be2 Ka6 74. Kf2 Rd7 75. Bf1 Rd8 76. Ke3 Bd7 77. Rd1 Bc8 78. Rd2 Rd7 79. Rd1 Rd8 80. Rb1 Bd7 81. Ke2 Bc6 82. Ke3 Bd7 1/2-1/2

[Event "CCT Julius Baer-D3 2024"]
[Site "Online"]
[Date "2024.09.27"]
[Round "1.4"]
[White "Ponkratov, Pavel"]
[Black "Korobov, Anton"]
[Result "1/2-1/2"]
[ECO "E07"]
[WhiteElo "2564"]
[BlackElo "2650"]
[Annotator "TA"]
[PlyCount "89"]
[EventDate "2024.09.25"]
[EventType "swiss"]
[EventCountry "NET"]
[SourceTitle "playchess.com"]
[Source "ChessBase"]
[SourceQuality "1"]
[TimeControl "600+2"]

1. Nf3 d5 2. c4 e6 3. g3 Nf6 4. Bg2 Be7 5. O-O O-O 6. d4 c6 7. Qd3 b6 8. Nc3 Ba6 9. b3 Nbd7 10. e4 dxc4 {[%emt 0:00:10] E07: Closed Catalan: Main Line (5 Nf3 0-0 6 0-0 Nbd7).} 11. bxc4 e5 12. Ne2 (12. Nxe5 $2 Nxe5 13. Qd1 Nxc4 $19) 12... Rc8 $146 (12... Qc7 $11) ({Predecessor:} 12... Bd6 13. Qc2 Re8 14. Bb2 Qc7 15. Rfe1 Rad8 16. Rad1 Bb4 17. Rf1 exd4 18. Nexd4 Nxe4 {0-1 Meier,G (2591)-Kuzubov,Y (2606) CrunchLab Masters Div 3 L rapid 2024 (2.1)}) 13. Qc2 Qc7 14. Bb2 exd4 15. Nexd4 Rfe8 16. Nf5 Bf8 17. e5 Nxe5 (17... Ng4 $2 18. Ng5 g6 19. Nd6 (19. e6 f6 $16) 19... Ngxe5 (19... Bxd6 $2 20. exd6 Qd8 21. Nxf7 $18) 20. Nxe8 (20. Nxc8 Nxc4 21. Rfe1 Qxc8 $16) 20... Rxe8 21. Rfe1 $18) 18. Nxe5 Rxe5 19. Bxe5 Qxe5 20. Rfe1 Qc5 21. Rac1 g6 {[%emt 0:00:31] [#]} 22. Ne3 $1 Bb7 23. Rcd1 Re8 24. Qa4 a5 25. Qb3 Bc8 26. Rb1 Nd7 27. Red1 Bh6 28. Ng4 Bg7 29. Re1 Rf8 30. h4 h5 31. Nh2 (31. Ne3 $5) 31... Bd4 32. Re2 Ne5 33. Nf3 Nxf3+ 34. Bxf3 Be6 35. Rc1 ({White should try} 35. Qd1 $15) 35... b5 $17 36. Rd2 (36. Qc2 $142 Bxc4 (36... Qxc4 37. Qd1 $14) (36... bxc4 37. Rxe6 fxe6 38. Qxg6+ Kh8 39. Qh6+ Kg8 40. Qxe6+ Kg7 41. Rxc4 $16) 37. Rd2) 36... bxc4 $17 ({Don't play} 36... Bxc4 37. Bxc6 Bxb3 (37... Qxc6 38. Rxd4 Bxb3 39. Rxc6 $15) 38. Rxc5 Bxc5 39. axb3 $15) 37. Qd1 Be5 38. Kg2 c3 39. Re2 Bf6 40. Qa4 (40. Rxe6 $17 {keeps fighting.} fxe6 41. Qd7) 40... Bd5 41. Qf4 {[%emt 0:00:03] [#]} Kg7 $1 42. Rb1 (42. Rd1 $17) 42... Rd8 ({And not} 42... c2 43. Rc1 $16) 43. Bxd5 $2 (43. Rc2) 43... cxd5 $19 ({Not} 43... Qxd5+ 44. Qe4 $11) 44. Rb7 (44. Rd1 $142) 44... d4 $19 45. Rc7 1/2-1/2

[Event "CCT Julius Baer-D3 2024"]
[Site "Online"]
[Date "2024.09.27"]
[Round "1.4"]
[White "Bharath Subramaniyam H"]
[Black "Guseinov, Gadir"]
[Result "1-0"]
[ECO "B38"]
[WhiteElo "2561"]
[BlackElo "2636"]
[Annotator "TA"]
[PlyCount "131"]
[EventDate "2024.09.25"]
[EventType "swiss"]
[EventCountry "NET"]
[SourceTitle "playchess.com"]
[Source "ChessBase"]
[SourceQuality "1"]
[TimeControl "600+2"]

1. e4 c5 2. Nf3 Nc6 3. d4 cxd4 4. Nxd4 g6 5. c4 Bg7 6. Be3 Nf6 7. Nc3 O-O 8. Be2 b6 9. O-O Bb7 10. f3 e6 11. Ndb5 d5 {[%emt 0:00:01] B38: Sicilian: Maroczy Bind with 5...Bg7 and 7...0-0.} 12. cxd5 exd5 13. exd5 Nb4 14. d6 Nfd5 15. Nxd5 Nxd5 16. Bd4 Qg5 17. Rf2 Bxd4 18. Qxd4 Nf4 19. Nc7 Rac8 20. Kh1 Rfd8 21. Qb4 Qe5 22. Bf1 Rxd6 $146 ({Predecessor:} 22... Qxd6 23. Qxd6 Rxd6 24. Nb5 Rdc6 25. Nc3 a6 26. g3 Ne6 27. Rd1 b5 28. Kg2 Kf8 29. a3 R6c7 30. Rfd2 h6 31. Be2 {½-½ Rodriguez Redondo,A (1945)-Moreno Estebanez,P (2151) ESP-ch U18 Salobrena 2019 (7)}) 23. Nb5 Re6 24. Rd1 a5 (24... Nd5 $15 25. Qd4 Qg5 26. Nxa7 Rce8) 25. Qd4 $11 Qxd4 26. Nxd4 Rd6 27. Rfd2 a4 28. Nc2 Rxd2 29. Rxd2 Bd5 30. a3 Bb3 31. Ne3 Re8 32. Nc2 Nd5 33. Kg1 Bxc2 34. Rxd5 Re1 35. Rd2 Bb3 36. Kf2 Rc1 37. Bb5 Rc5 38. Be2 Kg7 39. Ke3 h5 40. Rd4 Rc2 41. Rd2 Rc1 42. Rd6 Rb1 43. Rd2 $1 h4 44. Bb5 f6 45. g3 h3 (45... hxg3 $11 46. hxg3 Kf7) 46. g4 (46. Bd3 $14 Rg1 47. Bb5) 46... Kh6 47. Kf2 f5 {[%emt 0:00:05] [#]} (47... Kg5 $11) 48. gxf5 $1 $16 gxf5 49. Kg3 Kg5 50. f4+ ({But not} 50. Kxh3 $6 Kf4 $11) 50... Kf6 51. Kxh3 Rg1 52. Rg2 (52. Rd6+ Ke7 53. Rd4 (53. Rxb6 Rg4 $14) 53... Bc2 54. Bxa4 Be4) (52. Rd4 $16) 52... Re1 $11 53. Re2 Rg1 (53... Rd1 $11 {remains equal.}) 54. Rg2 ({Only move:} 54. Rd2 $16) 54... Rd1 55. Kg3 Bd5 56. Re2 Rg1+ (56... Bb7 $14) 57. Kf2 $16 Rb1 (57... Rd1 $16 {was called for.}) 58. Bxa4 $18 Rh1 59. Ke3 Be6 60. Bc6 Rc1 61. Bf3 Bc4 62. Rd2 Ke7 63. h4 Rg1 64. Kf2 Rg8 65. Rd4 Be6 66. Rb4 1-0

[Event "CCT Julius Baer-D3 2024"]
[Site "Online"]
[Date "2024.09.27"]
[Round "1.5"]
[White "Duda, Jan-Krzysztof"]
[Black "Alekseenko, Kirill"]
[Result "1/2-1/2"]
[ECO "C28"]
[WhiteElo "2732"]
[BlackElo "2679"]
[Annotator "TA"]
[PlyCount "72"]
[EventDate "2024.09.25"]
[EventType "swiss"]
[EventCountry "NET"]
[SourceTitle "playchess.com"]
[Source "ChessBase"]
[SourceQuality "1"]
[TimeControl "600+2"]

1. e4 e5 2. Nc3 Nf6 3. Bc4 Nc6 4. d3 Bb4 5. Nf3 d5 6. exd5 Nxd5 7. O-O Bxc3 8. bxc3 Bg4 9. Ba3 (9. Re1 $11 O-O 10. Bd2) 9... Nxc3 $17 {[%emt 0:00:34] Black is better.} 10. Qe1 Bxf3 11. gxf3 {[%emt 0:00:23] [#]} (11. Qxc3 $2 Qg5 12. g3 Nd4 13. Bxf7+ Kxf7 $19) 11... Nd5 {[%emt 0:00:26] A dynamic duo of knights.} 12. Rb1 (12. Bb5 $17 {might work better.} Qg5+ 13. Kh1) 12... Qg5+ $19 13. Kh1 O-O-O $40 {[%emt 0:00:06][%mdl 128] Black wants a kill.} 14. Rg1 Qh5 15. Rg3 f5 16. Rb5 (16. Qf1 {keeps fighting.}) 16... f4 17. Rg4 {[%emt 0:01:05] [#]} Nd4 $1 18. Qe4 (18. Rxd5 $2 Nxf3 19. Rxd8+ Rxd8 (19... Kxd8 $2 20. Be7+ Kd7 21. Rh4 $19) 20. Be6+ Kb8 $19) 18... Nxb5 19. Bxd5 Rxd5 (19... Nxa3 20. Bxb7+ Kb8 21. Ba6 $11) 20. Qxd5 Nxa3 21. Rxg7 Rd8 {[%emt 0:00:24] Against Qd7+} (21... Nxc2 22. Qd7+ Kb8 23. Qxc7+ Ka8 24. Qxb7#) (21... Qe8 $142 22. d4 exd4 (22... Nxc2 $2 23. Qc4 $19)) 22. Qe6+ $2 (22. Rg8 Rxg8 23. Qxg8+ Kd7 24. Qd5+ Ke7 25. Qxb7) 22... Kb8 23. Kg2 Qe8 (23... Nxc2 24. Qc4 Ne1+ 25. Kf1 $17) 24. Qf5 (24. Qxe8 $142 Rxe8 25. c4) 24... Nxc2 {[%emt 0:00:05] ...Ne1+ would now be deadly.} 25. Qxh7 Rc8 {[%emt 0:00:34] And now ...Ne1+ would win.} 26. h4 Ne1+ 27. Kf1 Nxf3 28. h5 Qe6 {[%emt 0:00:13] ( -> ...Qh3+)} 29. h6 Qh3+ 30. Ke2 Nd4+ 31. Kd2 Qf1 32. Qe4 Qxf2+ 33. Kd1 Qf1+ 34. Kd2 Qf2+ 35. Kd1 $1 Qf1+ (35... f3 $142 36. h7 Qxa2 37. Rg8 Rxg8 38. hxg8=R+ Qxg8 39. Qe3 Qg3 (39... Qb3+ {gets mated.} 40. Kd2 Qc2+ 41. Ke1 Qg2 42. Qf2 Nc2+ 43. Kd2 Qxf2+ 44. Kc3 Nd4 45. Kc4 Qa2+ 46. Kc3 b6 47. Kb4 Qb3#) 40. Kc1 Qg2 41. Qd2 Nb3+ (41... f2 {is a self mate.} 42. Kb2 f1=Q 43. Qxg2 Qxg2+ 44. Ka1 Qg8 45. Kb2 Qb3+ 46. Kc1 Qc2#) 42. Kb2 Qxd2+ (42... Nxd2 43. Kc2 f2 44. Kc3 f1=Q 45. Kb4 Qb1+ 46. Ka4 Qc6+ 47. Ka5 Qbb6#) 43. Kxb3 f2 (43... Qxd3+ 44. Kb4 a6 45. Ka4 c5 46. Ka5 Qb5#) 44. Ka3 f1=Q (44... f1=R {leads to mate.} 45. Kb3 Qxd3+ 46. Kb4 Rf4+ 47. Kc5 Qc4#) 45. Ka4 Qf8 46. Kb5 Qfb4#) 36. Kd2 Qf2+ $2 {[%emt 0:00:04] Weighted Error Value: White=1.31/Black=0.26 (precise) .  Mistake:       	White=5     	Black=1      Inaccurate:     	White=2     	---        OK:         	White=5     	Black=8      Best:        	White=1     	Black=5} ({Better is} 36... f3 $19 37. Qe1 Qh3) 1/2-1/2

[Event "CCT Julius Baer-D3 2024"]
[Site "Online"]
[Date "2024.09.27"]
[Round "1.5"]
[White "Amin, Bassem"]
[Black "Navara, David"]
[Result "1/2-1/2"]
[ECO "A07"]
[WhiteElo "2636"]
[BlackElo "2681"]
[Annotator "TA"]
[PlyCount "110"]
[EventDate "2024.09.25"]
[EventType "swiss"]
[EventCountry "NET"]
[SourceTitle "playchess.com"]
[Source "ChessBase"]
[SourceQuality "1"]
[TimeControl "600+2"]

1. Nf3 d5 2. g3 g6 3. Bg2 Bg7 4. O-O e5 5. d3 Ne7 6. e4 O-O 7. exd5 Nxd5 8. Nc3 Nc6 9. Nxd5 {[%emt 0:00:26] A07: Réti Opening: New York and Capablanca Systems.} Qxd5 10. Re1 Qd6 11. Nd2 Be6 $146 ({Predecessor:} 11... Re8 12. Ne4 Qd8 13. c3 h6 14. b4 Kh7 15. h4 f5 16. Bg5 Qd7 17. Nf6+ Bxf6 18. Bxf6 {0-1 Rapport,R (2763)-Amin,B (2680) Wch Rapid Warsaw 2021 (9)}) 12. Ne4 Qe7 13. Be3 (13. Bg5 $14 {deserves consideration.} f6 14. Be3) 13... b6 $11 14. Nc5 Bd7 15. Nxd7 Qxd7 16. c3 Rae8 17. Qa4 Re6 $1 18. Rad1 Rd6 19. f4 Rd8 20. fxe5 Nxe5 21. Qxd7 R6xd7 22. d4 Nc4 23. Bc1 c5 24. d5 (24. Bc6 $14 Rd6 25. d5) 24... h6 25. h4 Kf8 ({Better is} 25... b5 $11) 26. b3 $14 Nd6 27. c4 $1 Re7 28. Bf4 Rxe1+ 29. Rxe1 Bd4+ 30. Kf1 b5 (30... h5 $16) 31. Bxh6+ $18 Bg7 32. Bg5 f6 (32... Rd7 $142 33. cxb5 Nxb5) 33. Be3 bxc4 34. Bxc5 cxb3 35. axb3 Kf7 36. Bxa7 Nf5 37. Kf2 Bf8 38. Be4 Ra8 39. Bxf5 Rxa7 40. Be6+ Kg7 41. Rc1 f5 42. Kf3 (42. Rc6 $16) 42... Rb7 43. Rc3 Bd6 44. g4 fxg4+ 45. Bxg4 Rb4 46. h5 Rf4+ 47. Ke3 Rxg4 48. Rc6 $1 Bf4+ 49. Kf3 gxh5 50. Rc4 Bd6 51. Rxg4+ hxg4+ 52. Kxg4 Kf6 53. Kf3 Ke5 54. b4 Bxb4 55. d6 Kxd6 1/2-1/2

[Event "CCT Julius Baer-D3 2024"]
[Site "Online"]
[Date "2024.09.27"]
[Round "1.5"]
[White "Theodorou, Nikolas"]
[Black "Svane, Frederik"]
[Result "1-0"]
[ECO "E07"]
[WhiteElo "2619"]
[BlackElo "2640"]
[Annotator "RC"]
[PlyCount "87"]
[EventDate "2024.09.25"]
[EventType "swiss"]
[EventCountry "NET"]
[SourceTitle "playchess.com"]
[Source "ChessBase"]
[SourceQuality "1"]
[TimeControl "600+2"]

1. Nf3 d5 2. c4 e6 3. g3 Nf6 4. Bg2 Be7 5. O-O O-O 6. Ne5 Nbd7 7. d4 c6 8. Nc3 Nxe5 9. dxe5 Nd7 10. cxd5 exd5 11. f4 Nc5 12. Be3 Bf5 13. Bf2 a5 14. Rc1 Rc8 15. h3 h5 16. Kh2 Qd7 17. Bxc5 Bxc5 18. e4 dxe4 19. Nxe4 Be7 20. Qxh5 Rfd8 21. Rf2 Qe6 22. Nc5 Bxc5 23. Rxc5 b6 24. Rc3 c5 25. Re3 Rd3 26. Qf3 Rcd8 27. g4 Rxe3 28. Qxe3 Bb1 29. f5 Qh6 30. g5 Qh4 31. e6 fxe6 32. fxe6 Rd3 33. Qe1 Qg3+ 34. Kg1 Bxa2 35. e7 Bf7 36. e8=Q+ Bxe8 37. Qxe8+ Kh7 38. Qe4+ Kg8 39. Rf1 Rd4 40. Qe8+ Kh7 41. Qh5+ Kg8 42. g6 Rd2 43. Qh8+ Kxh8 44. Rf8# 1-0

[Event "CCT Julius Baer-D3 2024"]
[Site "Online"]
[Date "2024.09.27"]
[Round "1.5"]
[White "Yilmaz, Mustafa"]
[Black "Makarian, Rudik"]
[Result "1/2-1/2"]
[ECO "D35"]
[WhiteElo "2587"]
[BlackElo "2550"]
[Annotator "TA"]
[PlyCount "87"]
[EventDate "2024.09.25"]
[EventType "swiss"]
[EventCountry "NET"]
[SourceTitle "playchess.com"]
[Source "ChessBase"]
[SourceQuality "1"]
[TimeControl "600+2"]

1. c4 e6 2. Nc3 d5 3. d4 Nf6 4. cxd5 exd5 5. Bg5 c6 6. e3 Bf5 7. Qf3 Bg6 8. Bxf6 Qxf6 9. Qxf6 gxf6 10. h4 h5 11. Kd2 Nd7 12. Nh3 Bd6 {[%emt 0:00:04] White has an edge.} 13. Bd3 a5 14. g3 Ke7 15. Nf4 Bxf4 16. gxf4 Bxd3 17. Kxd3 Nb6 18. Rag1 Nc4 19. b3 Nd6 20. f3 Rag8 21. e4 dxe4+ 22. fxe4 Rg4 23. Rxg4 hxg4 $11 {[%emt 0:00:02][%cal Bh5g4,Bg4g3,Bg3g2][%mdl 4128] Endgame. KRN-KRN} 24. h5 g3 25. Ne2 g2 26. Rh2 f5 27. e5 (27. Rxg2 $2 fxe4+ 28. Kd2 Rxh5 $19) 27... Ne4 28. Ke3 $2 {[%emt 0:00:03] [#]} (28. Ng1 $11 {and White has nothing to worry.}) 28... Ng3 $2 29. Rxg2 (29. Nxg3 $2 g1=Q+ (29... g1=R 30. Nxf5+ Ke6 31. Nd6 $11) 30. Kf3 Qxh2 $19) 29... Nxe2 30. Kxe2 Rxh5 {[%emt 0:00:04] KR-KR} 31. Kd3 Rh4 32. Rf2 Rh1 33. a4 Ke6 {[%emt 0:00:34] Strongly threatening ...Kd5.} 34. Rg2 Kd5 {[%emt 0:00:43] [#] ...Rd1+ is the strong threat.} 35. Rg8 (35. Rg7 $11 {remains equal.}) 35... Rh3+ $17 36. Kc2 Kxd4 37. Rf8 Rh2+ 38. Kb1 (38. Kd1 $17) 38... Kc3 $19 39. Rxf7 Rh1+ $2 ({Not} 39... Kxb3 40. Rxb7+ Kc3 41. Rb6 $11 (41. e6 Re2 $11)) (39... Rb2+ $19 40. Kc1 Rf2 (40... Rxb3 41. Rxf5 Ra3 42. Kb1 $11)) 40. Ka2 $11 {[%emt 0:00:03] The position is equal.} Rh2+ 41. Ka3 Rh1 42. Ka2 {[%emt 0:00:04] Prevents Ra1+.} Rh2+ 43. Ka3 Rh1 44. Ka2 $1 {[%emt 0:00:03] Against Ra1+.   Weighted Error Value: White=0.31/Black=0.18 (very precise) .  Loses game:     	White=1     	---        Missed win:     	---       	Black=2      Mistake:       	White=2     	---        Inaccurate:     	White=2     	Black=1      OK:         	White=12    	Black=21     Best:        	White=2     	Black=2      Strong:       	White=1     	---} 1/2-1/2